 Dungeon Crawl Stone Soup version 0.28.0 (webtiles) character file.

Game seed: 139875418070190571

1856 dolemite99 the Severer (level 9, -3/105 HPs)
             Began as a Hill Orc Monk on Feb 10, 2022.
             Was a Priest of Wu Jian.
             Killed by divine providence
             ... invoked by an orc priest
              (15 damage)
             ... on level 8 of the Dungeon.
             The game lasted 00:09:42 (10210 turns).

dolemite99 the Severer (Hill Orc Monk)             Turns: 10210, Time: 00:09:43

Health: -3/105     AC: 24    Str: 18    XL:     9   Next: 13%
Magic:  9/9        EV:  2    Int: 10    God:    Wu Jian [***...]
Gold:   343        SH:  0    Dex: 13    Spells: 8/8 levels left

rFire   . . .      SeeInvis .   a - +0 hand axe (venom)
rCold   . . .      Faith    .   (no shield)
rNeg    . . .      Spirit   .   (armour currently unavailable)
rPois   +          Reflect  .   (helmet currently unavailable)
rElec   .          Harm     .   (cloak currently unavailable)
rCorr   .          Rampage  .   (gloves currently unavailable)
Will    .....      NoTele   +   (boots currently unavailable)
Stlth   ++........              (no amulet)
HPRegen 0.27/turn               (no ring)
MPRegen 0.11/turn               (no ring)

@: tree-form, mesmerised
A: stationary, stasis, torment immunity, boosted hp
a: Renounce Religion, Convert to Beogh, Wall Jump, Serpent's Lash


You were on level 8 of the Dungeon.
You worshipped Wu Jian.
Wu Jian was most pleased with you.
You were a tree.
You visited 1 branch of the dungeon, and saw 8 of its levels.

You collected 343 gold pieces.

Inventory:

Hand Weapons
 a - a +0 hand axe of venom (weapon)
 b - a +0 fustibalus
 f - a +0 battleaxe
 q - a +0 morningstar
 v - a +0 shortbow
 y - a +0 hunting sling
 D - a +0 vampiric hand axe
Missiles
 c - 129 arrows
 j - 103 stones
 t - 10 poisoned darts (quivered)
 w - 10 sling bullets
Armour
 g - a +0 plate armour (melded)
 i - a +1 cloak (melded)
 l - a +2 pair of boots of rampaging (melded)
 x - a +0 pair of gloves (melded)
 C - a +0 robe
 F - a +0 helmet (melded)
Wands
 k - a wand of acid (7)
 u - a wand of digging (4)
 A - a wand of iceblast (7)
 B - a wand of charming (17)
Scrolls
 d - 3 scrolls of teleportation
 e - 2 scrolls of noise
 o - 2 scrolls of holy word
 z - a scroll of immolation
 G - a scroll of magic mapping
Potions
 h - 3 potions of lignification
 m - a potion of cancellation
 p - 2 potions of might
 r - 2 potions of resistance
 s - 3 potions of berserk rage
 E - a potion of mutation {unknown}


   Skills:
 - Level 3.6 Fighting
 + Level 15.2 Axes
 - Level 2.4 Dodging
 - Level 1.5 Stealth


You had 8 spell levels left.
You didn't know any spells.
Your spell library contained the following spells:

 Spells                   Type           Power      Damage    Failure   Level
 Corpse Rot               Necr/Air       0%         N/A       50%         2
 Conjure Flame            Conj/Fire      0%         6-21      75%         3
 Gell's Gravitas          Tloc           0%         N/A       75%         3
 Ignite Poison            Fire/Tmut/Pois 0%         N/A       75%         3
 Mephitic Cloud           Conj/Pois/Air  0%         N/A       75%         3
 Teleport Other           Tloc           0%         N/A       75%         3
 Tukima's Dance           Hex            0%         N/A       75%         3
 Anguish                  Hex/Necr       0%         N/A       98%         4
 Dispel Undead            Necr           0%         3d6       98%         4
 Sticky Flame             Conj/Fire      0%         2d3       98%         4
 Freezing Cloud           Conj/Ice/Air   0%         6-21      100%        5
 Death Channel            Necr           0%         N/A       100%        6
 Dispersal                Tloc           0%         N/A       100%        6
 Enfeeble                 Hex            0%         N/A       100%        7


Dungeon Overview and Level Annotations

Branches:
Dungeon (8/15)             Temple (0/1) D:5
   Lair: D:8-11

Altars:
Cheibriados
Elyvilon
Hepliaklqana
Makhleb
Okawaru
Trog
Wu Jian
The Shining One

Shops:
D:7 *

Annotations:
D:8 Maggie


Message History

Maggie casts a spell.
Maggie draws you further into her thrall.
The orc priest shouts, "Beogh is our master!
Accept the truth or die!"
You barely miss Maggie.
Maggie is almost dead.
You closely miss the orc. You barely miss the orc priest.
The orc priest shouts, "Join the one true god or die!"
You hit the two-headed ogre.
The two-headed ogre is poisoned.
The two-headed ogre hits you with a +0 giant club!
The two-headed ogre hits you but does no damage.
The orc priest hits you but does no damage.
Maggie gestures at you while chanting. The bolt of fire hits you!!
* * * LOW HITPOINT WARNING * * *
You hit Maggie.
Maggie is almost dead.
The orc priest shouts, "Surrender to Beogh and we'll let you live!"
You hit the two-headed ogre. You hit the orc priest.
The orc priest is poisoned.
The orc priest shouts, "Surrender to Beogh and we'll let you live!"
You hit the orc but do no damage.
The orc is poisoned.
The orc hits you but does no damage.
You cannot move.
You cannot teleport because you are held in place by your roots.
Okay, then.
You hit the orc but do no damage. You hit Maggie.
You hit the two-headed ogre but do no damage.
The two-headed ogre looks as sick as possible!
You hit the orc priest.
The orc priest looks as sick as possible!
The two-headed ogre hits you but does no damage.
The two-headed ogre hits you with a +0 giant club.
* * * LOW HITPOINT WARNING * * *
An orc comes into view. It is wielding a +0 hand axe.
Maggie hits you but does no damage.
The orc priest shouts, "Beogh is our master!
Accept the truth or die!"
The orc priest hits you but does no damage.
The orc priest calls down the wrath of Beogh upon you.
Beogh smites you!
You die...

############
#.......<..#
#......♣o..#
#.....O@o..#
#......o...#
#.!........#
#####.###o##
.. .# ... ..
$... ..o


You could see Maggie (mesmerising, corroded), a two-headed ogre (extremely
poisoned), 2 orc priests and 3 orcs.

Vanquished Creatures
  Menkaure (D:7)
  A sky beast (D:6)
  2 black bears
  2 ogres
  2 centaurs
  A gnoll sergeant (D:7)
  4 scorpions (D:6)
  A wyvern zombie (D:6)
  A bullfrog zombie (D:6)
  3 hounds
  A bullfrog skeleton (D:4)
  2 orc priests
  4 iguanas
  6 orc wizards
  A scorpion zombie (D:5)
  A hound skeleton (D:4)
  8 adders
  8 gnolls
  4 dart slugs
  32 orcs
  8 ball pythons
  6 endoplasms
  7 giant cockroaches
  7 hobgoblins
  7 quokkas
  8 bats
  2 frilled lizards
  8 goblins
  3 kobolds
  4 rats
145 creatures vanquished.

Vanquished Creatures (others)
  7 plants (D:7)
7 creatures vanquished.

Grand Total: 152 creatures vanquished

Notes
Turn   | Place    | Note
-------+----------+-------------------------------------------
     0 | D:1      | dolemite99 the Hill Orc Monk began the quest for the Orb.
     0 | D:1      | Reached XP level 1. HP: 19/19 MP: 1/1
   182 | D:1      | Reached XP level 2. HP: 9/26 MP: 2/2
   912 | D:1      | Reached skill level 5 in Axes
  1336 | D:1      | Reached XP level 3. HP: 27/31 MP: 3/3
  1941 | D:2      | Reached skill level 6 in Axes
  2186 | D:2      | Found a faded altar of an unknown god.
  2303 | D:3      | Found an ornate altar of the Wu Jian Council.
  2317 | D:3      | Became a worshipper of the Wu Jian Council
  2317 | D:3      | Reached * piety under Wu Jian
  2317 | D:3      | Reached ** piety under Wu Jian
  2443 | D:3      | Reached XP level 4. HP: 39/39 MP: 4/4
  2592 | D:3      | Reached skill level 7 in Axes
  2875 | D:3      | Found a white marble altar of Elyvilon.
  2991 | D:3      | Found a hazy altar of Hepliaklqana.
  3453 | D:4      | Noticed an ogre
  3467 | D:4      | Killed an ogre
  3468 | D:4      | Reached skill level 8 in Axes
  3468 | D:4      | Reached XP level 5. HP: 3/45 MP: 5/5
  3946 | D:4      | Noticed a black bear
  3967 | D:4      | Reached XP level 6. HP: 35/51 MP: 6/6
  3981 | D:4      | Killed a black bear
  3982 | D:4      | Reached skill level 9 in Axes
  4653 | D:4      | You fall into a shaft and drop 3 floors!
  4653 | D:7      | Found Qaomiv's Elemental Accessories.
  5047 | D:6      | Noticed a black bear
  5069 | D:6      | Noticed a sky beast
  5080 | D:6      | Reached skill level 10 in Axes
  5080 | D:6      | Reached XP level 7. HP: 47/57 MP: 7/7
  5103 | D:6      | Reached skill level 11 in Axes
  5119 | D:5      | Entered Level 5 of the Dungeon
  5826 | D:4      | Reached *** piety under Wu Jian
  5995 | D:4      | Found a glowing golden altar of the Shining One.
  6387 | D:4      | Reached XP level 8. HP: 29/64 MP: 8/8
  6580 | D:5      | Reached skill level 12 in Axes
  6718 | D:5      | Found a burning altar of Makhleb.
  6953 | D:5      | Found a snail-covered altar of Cheibriados.
  7042 | D:5      | Reached skill level 13 in Axes
  7397 | D:5      | Found a staircase to the Ecumenical Temple.
  8414 | D:6      | Identified the +1 robe "Istredynn" {Dex+3}
  8465 | D:6      | Reached skill level 14 in Axes
  9082 | D:6      | Found an iron altar of Okawaru.
  9083 | D:6      | Found a bloodstained altar of Trog.
  9314 | D:7      | Reached XP level 9. HP: 56/70 MP: 9/9
  9689 | D:7      | Noticed Menkaure
  9699 | D:7      | Killed Menkaure
  9700 | D:7      | Reached skill level 15 in Axes
 10194 | D:8      | Noticed Maggie
 10200 | D:8      | Noticed a two-headed ogre
 10210 | D:8      | Killed from afar by an orc priest

Illustrated notes

Levels and vault maps discovered:
D:1:      minmay_arrival_split_and_join, layout_rooms
D:2:      layout_rooms, shapermc_ecumenical_altar_ellora
D:3:      layout_basic, worldfamousw_hep_ancestral_shrine,
          nicolae_overflow_crystal_walls, mainiacjoe_overflow_surrounded_room
D:4:      layout_basic, nicolae_tso_carved_into_rock,
          chequers_serial_rivers_micro_d
D:5:      layout_basic, mainiacjoe_overflow_alcove_1,
          mainiacjoe_overflow_concentric_impassable, temple_fountains,
          portal_sewer_entry_d
D:6:      layout_cave_pools, grunt_temple_overflow_bloody_war,
          minmay_misc_feat_five
D:7:      layout_loops_ring, nicolae_elemental_shop, minmay_misc_feat_encased,
          serial_bayou_lake_a, uniq_harold, uniq_joseph, uniq_menkaure
D:8:      layout_rooms, ashenzari_altar_1, uniq_psyche, uniq_maggie

Skill      XL: |  1  2  3  4  5  6  7  8  9 |
---------------+----------------------------+-----
Axes           | 5 6 8 10 11 14 15 | 15.2
Fighting       | |  3.6
Dodging        | |  2.4
Stealth        | |  1.5

Action                   |  1- 3 |  4- 6 |  7- 9 || total
-------------------------+-------+-------+-------++-------
Melee: Hand axe          |   127 |   156 |   356 ||   639
       Punch             |     1 |       |     7 ||     8
 Fire: Shortbow          |       |     5 |       ||     5
       Fustibalus        |       |       |    22 ||    22
Throw: Dart              |       |       |    35 ||    35
Invok: Whirlwind         |       |    13 |    25 ||    38
 Abil: Wall Jump         |       |     1 |       ||     1
Evoke: Wand              |       |       |     6 ||     6
  Use: Potion            |       |     4 |     3 ||     7
       Scroll            |       |     5 |     8 ||    13
 Stab: Sleeping          |     1 |       |       ||     1
Armor: Robe              |    17 |       |       ||    17
       Plate armour      |    75 |   122 |   177 ||   374
       Skin              |       |    44 |    33 ||    77
Dodge: Dodged            |    70 |    42 |    76 ||   188
